 Dungeon Crawl Stone Soup version 0.30-a0-613-gdd512c7efb (webtiles) character file.

Game seed: 10343825384111634382

9 acebull12 the Firebug (level 2, -1/20 HPs)
             Began as a Hill Orc Fire Elementalist on Jan 9, 2023.
             Slain by a gnoll
             ... wielding a +1 heavy spear
              (12 damage)
             ... on level 1 of the Dungeon.
             The game lasted 00:01:49 (498 turns).

acebull12 the Firebug (Hill Orc Fire Elementalist)   Turns: 498, Time: 00:01:50

Health: -1/20      AC:  2    Str: 10    XL:     2   Next: 16%
Magic:  9/13       EV: 12    Int: 15    God:
Gold:   44         SH:  0    Dex: 11    Spells: 3/4 levels left

rFire   . . .      SeeInvis .    c - +0 war axe
rCold   . . .      Faith    .    (no shield)
rNeg    . . .      Spirit   .    a - +0 robe
rPois   .          Reflect  .    (no helmet)
rElec   .          Harm     .    (no cloak)
rCorr   .          Rampage  .    (no gloves)
Will    .....                    (no boots)
Stlth   ++                       (no amulet)
HPRegen 0.23/turn                e - ring of magical power
MPRegen 0.13/turn                (no ring)

@: very slightly contaminated
A: no striking features
a: no special abilities


You were on level 1 of the Dungeon.
You visited 1 branch of the dungeon, and saw 1 of its levels.

You collected 44 gold pieces.

Inventory:

Hand Weapons
 c - a +0 war axe (weapon)
Armour
 a - a +0 robe (worn)
Jewellery
 e - a ring of magical power (left hand)
Scrolls
 d - a scroll of poison {unknown}
 f - a scroll of fog {unknown}
 h - a scroll of blinking {unknown}
 j - a scroll of enchant weapon {unknown}
Potions
 b - a potion of magic
 g - a potion of heal wounds {unknown}
 i - a potion of berserk rage {unknown}


   Skills:
 * Level 1.2 Axes
 + Level 1.5 Dodging
 + Level 1.8 Stealth
 * Level 1.7 Spellcasting
 + Level 1.0 Conjurations
 + Level 3.3 Fire Magic


You had 3 spell levels left.
You knew the following spells:

 Your Spells              Type           Power      Damage    Failure   Level
a - Foxfire               Conj/Fire      28%        2x1d5     10%         1

Your spell library contained the following spells:

 Spells                   Type           Power      Damage    Failure   Level
 Scorch                   Fire           22%        2d6       9%          2
 Cigotuvi's Dreadful Rot  Necr/Pois/Air  2%         N/A       34%         2
 Poisonous Vapours        Pois/Air       2%         N/A       34%         2
 Inner Flame              Hex/Fire       6%         N/A       34%         3
 Kindle Blastsparks       Fire/Tloc/Air  8%         2d10      41%         3
 Swiftness                Air            1%         N/A       56%         3
 Flame Wave               Conj/Fire      7%         2d5       67%         4


Dungeon Overview and Level Annotations

Branches:
Dungeon (1/15)

Altars:


Message History

The goblin is moderately wounded.
The goblin throws a stone.
The stone hits you.
You conjure some foxfire!
The foxfire hits the goblin.
You kill the goblin!
Your foxfire dissipates!
j - a scroll labelled JORAEKL FACUDGH
Items here: ( ) [ †.
A gnoll comes into view. It is wielding a +1 heavy spear.
Found a scroll labelled LEOFISH BARACI.
A rat comes into view.
The gnoll shouts!
You conjure some foxfire!
The gnoll hits you from afar with a +1 heavy spear!
Ouch! That really hurt!
The foxfire hits the gnoll.
The gnoll is lightly wounded.
The foxfire hits the gnoll.
The gnoll is heavily wounded.
You are too injured to fight recklessly!
Casting: Foxfire (safe; 10% risk of failure)
Confirm with . or Enter, or press ? or * to list all spells.
You conjure some foxfire!
The gnoll barely misses you.
Your foxfire dissipates!
The foxfire hits the gnoll.
The gnoll is heavily wounded.
Casting: Foxfire (safe; 10% risk of failure)
Confirm with . or Enter, or press ? or * to list all spells.
You conjure some foxfire!
Your foxfire dissipates!
The foxfire hits the rat.
You kill the rat!
Casting: Foxfire (safe; 10% risk of failure)
Confirm with . or Enter, or press ? or * to list all spells.
You miscast Foxfire.
You are very lightly contaminated with residual magic.
Nothing appears to happen.
The gnoll hits you from afar with a +1 heavy spear!
Ouch! That really hurt!
You die...

.......## . .......
#.##.#... ..
...?....####..#
....#.##..........#
..........†........ ....
#######g####### ## ..# #.#
. ...# #@# ###...### #.#
.#....... #.##### ..##..#
#.....# ..[#..####. #
#####.# ..##.......
..######.# .#.#.......
.......#.###.# ##...#
............#
..)..####..######....#####


You could see a gnoll.

Vanquished Creatures
  2 bats (D:1)
  An endoplasm (D:1)
  2 goblins (D:1)
  A kobold (D:1)
  A ball python (D:1)
  A frilled lizard (D:1)
  A rat (D:1)
9 creatures vanquished.

Vanquished Creatures (others)
  19 foxfires (D:1)
19 creatures vanquished.

Grand Total: 28 creatures vanquished

Notes
Turn   | Place    | Note
-------+----------+-------------------------------------------
     0 | D:1      | acebull12 the Hill Orc Fire Elementalist began the quest
                  | for the Orb.
     0 | D:1      | Reached XP level 1. HP: 14/14 MP: 3/3
    84 | D:1      | Got Bykeloasmu's Papyrus of the Nimbus
   322 | D:1      | Reached skill level 1 in Axes
   441 | D:1      | Reached XP level 2. HP: 20/20 MP: 4/4
   498 | D:1      | Slain by a gnoll

Illustrated notes

Levels and vault maps discovered:
D:1:      erik_arrival_triangle_small, layout_loops_ring, minmay_hexomino_f4

Skill      XL: |  1 |
---------------+----+-----
Axes           | 1 |  1.2
Dodging        | |  1.5
Stealth        | |  1.8
Spellcasting   | |  1.7
Conjurations   | |  1.0
Fire Magic     | |  3.3

Action                   || total
-------------------------++-------
Melee: War axe           ||    15
       Unarmed           ||     3
 Cast: Foxfire           ||    15
 Stab: Sleeping          ||     1
Armor: Robe              ||    14
Dodge: Dodged            ||    25

Table legend: (Time is in decaauts)
 A = Elapsed time spent in this place.
 B = Non-inter-level travel time spent in this place.
 C = Inter-level travel time spent in this place.
 D = Time resting spent in this place.
 E = Time spent auto-exploring this place.
 F = Levels seen in this place.
 G = Mean time per level.
                   A        B        C        D        E       F      G
               +--------+--------+--------+--------+--------+-----+--------+
         Total |    503 |    503 |      0 |      0 |    415 |   1 |  503.0 |
       Dungeon |    503 |    503 |      0 |      0 |    415 |   1 |  503.0 |
               +--------+--------+--------+--------+--------+-----+--------+

Top non-repeatable levels by time:
     D:1: 503 daAuts
